 Dungeon Crawl Stone Soup version 0.28.0 (webtiles) character file.

Game seed: 8634458444890592734

4926 mkm the Conjurer (level 10, -11/53 HPs)
             Began as a Gargoyle Fire Elementalist on Feb 11, 2022.
             Was a Follower of Vehumet.
             Shot with an arrow by a centaur warrior (12 damage)
             ... on level 9 of the Dungeon.
             The game lasted 00:38:03 (13356 turns).

mkm the Conjurer (Gargoyle Fire Elementalist)      Turns: 13356, Time: 00:38:04

Health: -11/53     AC: 18    Str: 15    XL:     10   Next: 52%
Magic:  20/20      EV: 13    Int: 24    God:    Vehumet [*.....]
Gold:   440        SH:  0    Dex: 10    Spells: 15/22 levels left

rFire   + + .      SeeInvis .   j - +8 mace of Gallantry {venom, +Blink rC+ Str+3}
rCold   + + .      Faith    .   (no shield)
rNeg    + . .      Spirit   .   p - +2 robe {rF+}
rPois   ∞          Reflect  .   (no helmet)
rElec   +          Harm     .   l - +2 cloak
rCorr   .          Rampage  .   f - +0 pair of gloves of Agnosticism {rF+ Int+4}
Will    .....                   (no boots)
Stlth   ++........              (no amulet)
HPRegen 0.17/turn               h - ring of protection from cold
MPRegen 0.17/turn               (no ring)

@: about to teleport, hasted, very quick
A: sickness immunity, AC +7, negative energy resistance 1, electricity
resistance, torment resistance 1, petrification resistance, iridescent scales 1,
frail 1
a: Renounce Religion, Evoke Blink


You were on level 9 of the Dungeon.
You worshipped Vehumet.
Vehumet was aware of your devotion.
You visited 2 branches of the dungeon, and saw 10 of its levels.

You collected 440 gold pieces.

Inventory:

Hand Weapons
 b - a +0 hand axe
 j - the +8 mace of Gallantry (weapon) {venom, +Blink rC+ Str+3}
   (You found it on level 4 of the Dungeon)

   It poisons the flesh of those it strikes.
   Str:       It affects your strength (+3).
   rC:        It protects you from cold.
   +Blink:    It lets you blink.
Missiles
 t - 2 throwing nets
Armour
 f - the +0 pair of gloves of Agnosticism (worn) {rF+ Int+4}
   (You found it on level 6 of the Dungeon)

   Int:       It affects your intelligence (+4).
   rF:        It protects you from fire.
 l - a +2 cloak (worn)
 p - a +2 robe of fire resistance (worn)
Jewellery
 h - a ring of protection from cold (left hand)
Wands
 i - a wand of polymorph (8)
 k - a wand of mindburst (10)
Scrolls
 c - a scroll of torment {unknown}
 g - 2 scrolls of amnesia
 n - a scroll of holy word {unknown}
 o - a scroll of brand weapon {unknown}
 q - a scroll of enchant weapon {unknown}
 s - a scroll of immolation {unknown}
Potions
 a - 2 potions of resistance {unknown}
 d - 2 potions of curing
 r - 2 potions of flight {unknown}
 u - a potion of heal wounds {unknown}


   Skills:
 + Level 5.2 Fighting
 + Level 4.6 Maces & Flails
 + Level 5.0 Armour
 + Level 4.2 Dodging
 - Level 2.1 Stealth
 + Level 6.7 Spellcasting
 + Level 7.4 Conjurations
 + Level 7.1 Fire Magic


You had 15 spell levels left.
You knew the following spells:

 Your Spells              Type           Power      Damage    Failure   Level
a - Foxfire               Conj/Fire      100%       2x1d9     1%          1
b - Scorch                Fire           84%        2d9       1%          2
c - Flame Wave            Conj/Fire      43%        2d9       3%          4

Your spell library contained the following spells:

 Spells                   Type           Power      Damage    Failure   Level
 Shock                    Conj/Air       100%       1d9       1%          1
 Magic Dart               Conj           100%       1d8       1%          1
 Searing Ray              Conj           86%        2d7       1%          2
 Conjure Flame            Conj/Fire      43%        6-21      1%          3
 Inner Flame              Hex/Fire       25%        N/A       4%          3
 Fulminant Prism          Conj/Hex       12%        3d9       16%         4


Dungeon Overview and Level Annotations

Branches:
Dungeon (9/15)             Temple (1/1) D:5            Lair (0/6) D:8
    Orc (0/2) D:9

Altars:
Ashenzari
Cheibriados
Elyvilon
Fedhas
Kikubaaqudgha
Makhleb
Okawaru
Qazlal
Ru
Sif Muna
Uskayaw
Vehumet
Wu Jian
Xom
Zin

Shops:
D:6 !

Annotations:
D:2 Sigmund
D:6 1 runed translucent door, Galthrax's ghost, novice KoCj; Grinder; Prince Ribbit


Innate Abilities, Weirdness & Mutations

You are immune to sickness and miasma.
Your stone body is resilient. (AC +7)
You are immune to poison.
You resist negative energy. (rN+)
You are resistant to electric shocks. (rElec)
You are resistant to unholy torment.
You are immune to petrification.
You are partially covered in iridescent scales. (AC +2)
You are frail. (-10% HP)


Message History

Casting: Scorch (safe; 1% risk of failure)
Confirm with . or Enter, or press ? or * to list all spells.
Flames lash the yak.
The yak is burned terribly!
The yak is almost dead.
The yak gores you.
Casting: Scorch (safe; 1% risk of failure)
Confirm with . or Enter, or press ? or * to list all spells.
Flames lash the yak.
The yak is burned terribly!
You kill the yak!
Vehumet accepts your kill.
Your Armour skill increases to level 5!
Okay, then.
Magic restored.
HP restored.
There is an open door here.
Found a ring mail.
Things that are here:
26 arrows; a +0 shortbow
Found 24 bolts.
There is an open door here.
A centaur warrior comes into view.
The centaur warrior shouts!
The centaur warrior wields a +0 shortbow.
The centaur warrior shoots an arrow.
The arrow hits you.
The centaur warrior shoots an arrow.
The arrow hits you.
The centaur warrior shoots an arrow.
The arrow closely misses you.
The centaur warrior shoots an arrow.
The arrow hits you!
The centaur warrior shoots an arrow.
The arrow barely misses you.
The centaur warrior shoots an arrow.
The arrow hits you!!
* * * LOW HITPOINT WARNING * * *
The centaur warrior shoots an arrow.
The arrow hits you but does no damage.
As you read the scroll of teleportation, it crumbles to dust.
You feel strangely unstable.
The centaur warrior shoots an arrow.
The arrow hits you!
* * * LOW HITPOINT WARNING * * *
You feel yourself speed up.
The centaur warrior shoots an arrow.
The arrow hits you.
* * * LOW HITPOINT WARNING * * *
The centaur warrior shoots an arrow.
The arrow hits you!
You die...

#...#.# #........
#.#'#.# # #.#####.#
#.....# #.#.#.## #
#.....# #.....c####.#
#.....# ###.........###
#.#.#.### #####........
#.#.#.#.( ...#.#######
..#.#.#.# #.##.#
###.#.#.# ###.##@#
#..#.#.###.#.##.#
#..#.#.....#.##.#
#.##.#.###.#.##.#
##..........#'##'#######
......####..............
(.....'..'..............
......####..............
÷......[.........#######


You could see a centaur warrior.

Vanquished Creatures
  A two-headed ogre (D:9)
  A hornet (D:8)
  A wyvern (D:8)
  Eustachio (D:5)
  6 yaks
  2 water moccasins (D:6)
  2 orc warriors
  A sky beast (D:8)
  An ice beast (D:8)
  A necrophage (D:5)
  3 ogres (D:5)
  2 centaurs (D:9)
  A bullfrog (D:9)
  Blork the orc (D:6)
  A gnoll sergeant (D:5)
  A water moccasin zombie (D:5)
  A wyvern skeleton (D:7)
  2 water moccasin skeletons
  5 killer bees (D:9)
  8 wights
  A howler monkey (D:9)
  2 centaur zombies
  2 hounds
  A jelly (D:5)
  4 orc priests
  A gnoll shaman (D:5)
  Natasha (thrice) (D:4)
  3 iguanas
  4 orc wizards
  A killer bee zombie (D:7)
  A hound skeleton (D:4)
  12 gnolls
  4 adders
  4 shadow imps
  2 white imps
  2 ufetubi
  An adder skeleton (D:5)
  3 worms (D:2)
  4 dart slugs
  21 orcs
  5 endoplasms
  3 giant cockroaches (D:4)
  4 goblins
  4 hobgoblins
  4 jackals (D:5)
  3 quokkas
  7 ball pythons
  5 bats
  10 frilled lizards
  7 kobolds
  5 rats
175 creatures vanquished.

Vanquished Creatures (collateral kills)
  2 foxfires (D:4)
2 creatures vanquished.

Vanquished Creatures (others)
  664 foxfires
  4 plants (D:4)
668 creatures vanquished.

Grand Total: 845 creatures vanquished

Notes
Turn   | Place    | Note
-------+----------+-------------------------------------------
     0 | D:1      | mkm the Gargoyle Fire Elementalist began the quest for the
                  | Orb.
     0 | D:1      | Reached XP level 1. HP: 10/10 MP: 3/3
   372 | D:1      | Reached XP level 2. HP: 13/15 MP: 0/5
  1510 | D:2      | Reached XP level 3. HP: 17/19 MP: 0/6
  1582 | D:2      | Learned a level 2 spell: Scorch
  1672 | D:2      | Noticed Sigmund
  2711 | D:3      | Reached XP level 4. HP: 19/24 MP: 3/8
  2867 | D:3      | Reached XP level 5. HP: 15/28 MP: 0/9
  3323 | D:3      | Reached XP level 6. HP: 28/32 MP: 8/11
  3905 | D:3      | You fall into a shaft and drop 2 floors!
  3905 | D:5      | Entered Level 5 of the Dungeon
  3982 | D:5      | Reached skill level 5 in Fire Magic
  3982 | D:5      | Reached XP level 7. HP: 19/36 MP: 5/13
  4612 | D:4      | Identified the +8 mace of Gallantry {venom, +Blink rC+
                  | Str+3}
  4721 | D:4      | Noticed Natasha
  4727 | D:4      | Killed Natasha
  4905 | D:4      | Reached skill level 5 in Conjurations
  5059 | D:4      | Noticed Natasha
  5069 | D:4      | Killed Natasha
  5128 | D:4      | Noticed Natasha
  5138 | D:4      | Killed Natasha
  5215 | D:4      | Noticed a yak
  5217 | D:4      | Noticed a yak
  5219 | D:4      | Noticed a yak
  5219 | D:4      | Noticed a yak
  5220 | D:4      | Noticed a yak
  5221 | D:4      | Noticed a yak
  5515 | D:5      | Found a staircase to the Ecumenical Temple.
  5547 | D:5      | Reached skill level 5 in Spellcasting
  5725 | D:5      | Found a large runed translucent door.
  5732 | D:5      | Found a large runed translucent door.
  5957 | D:5      | Reached XP level 8. HP: 35/42 MP: 10/15
  6284 | D:5      | Reached skill level 1 in Maces & Flails
  6284 | D:5      | Reached skill level 1 in Armour
  7036 | D:5      | Reached skill level 1 in Fighting
  7628 | D:5      | Found a white marble altar of Elyvilon.
  7771 | D:5      | Found a hide-covered altar of Uskayaw.
  8046 | D:6      | Noticed Grinder
  8200 | Temple   | Entered the Ecumenical Temple
  8233 | Temple   | Became a worshipper of Vehumet
  8295 | D:6      | Noticed Eustachio
  8296 | D:6      | Found Nurug's Distillery.
  8449 | D:6      | Paralysed by Grinder for 2 turns
  8900 | D:5      | HP: 1/44 [quasit[Eustachio] (2)]
  8901 | D:5      | Gained mutation: You are frail. (-10% HP) [potion of
                  | mutation]
  8901 | D:5      | Gained mutation: You are partially covered in iridescent
                  | scales. (AC +2) [potion of mutation]
  8907 | D:5      | Killed Eustachio
  9667 | D:6      | Found a runed translucent door.
  9687 | D:6      | Noticed Galthrax's ghost (novice KoCj)
  9739 | D:6      | Noticed Blork the orc
  9755 | D:6      | Killed Blork the orc
  9756 | D:6      | Reached XP level 9. HP: 44/44 MP: 12/17
  9835 | D:6      | Identified the +0 pair of gloves of Agnosticism {rF+ Int+4}
  9850 | D:6      | Noticed Prince Ribbit
  9851 | D:6      | Noticed a kobold demonologist
  9851 | D:6      | Noticed a kobold demonologist
  9852 | D:6      | Noticed a rust devil
  9852 | D:6      | Noticed a kobold demonologist
 10189 | D:7      | Found an iron altar of Okawaru.
 10254 | D:7      | Learned a level 4 spell: Flame Wave
 10267 | D:7      | Found a flagged portal.
 10738 | D:7      | Found an ornate altar of the Wu Jian Council.
 10946 | D:8      | Found a staircase to the Lair.
 11254 | D:8      | Found a blossoming altar of Fedhas.
 11281 | D:8      | Noticed a hornet
 11294 | D:8      | Killed a hornet
 11589 | D:9      | Noticed a two-headed ogre
 11607 | D:9      | Killed a two-headed ogre
 11608 | D:9      | Reached XP level 10. HP: 35/52 MP: 5/19
 12512 | D:9      | Found a staircase to the Orcish Mines.
 12523 | D:9      | Found a glowing silver altar of Zin.
 12961 | D:9      | Reached skill level 5 in Fighting
 12965 | D:9      | Reached * piety under Vehumet
 12965 | D:9      | Offered knowledge of Shock by Vehumet.
 13148 | D:9      | Reached skill level 5 in Armour
 13345 | D:9      | Noticed a centaur warrior
 13356 | D:9      | HP: 1/53 [centaur warrior/arrow (4)]
 13356 | D:9      | Shot with an arrow by a centaur warrior

Illustrated notes

Levels and vault maps discovered:
D:1:      dpeg_arrival_simpleton_a, layout_loops_ring, due_unseen_surprise
D:2:      layout_loops_ring, uniq_sigmund
D:3:      layout_basic
D:4:      layout_rooms, nicolae_gozag_seed_capital, minmay_lizard_king,
          uniq_natasha
D:5:      layout_basic, jmf_multi_god_temple2, temple_statues,
          grunt_ministairs_4
D:6:      layout_cave_pools, serial_shops, shop, ebering_ghost_sewer_d,
          uniq_prince_ribbit1, uniq_grinder, uniq_eustachio, uniq_blork_the_orc
D:7:      layout_loops_ring, mainiacjoe_overflow_chevrons, kennysheep_mini_moat,
          enter_bailey_2
D:8:      layout_cave_pools, mainiacjoe_overflow_small_starburst,
          lair_entry_dummy
D:9:      layout_basic, zin_academy, orc_0_dummy
Temple:   regret_index_temple_waves

Skill      XL: |  1  2  3  4  5  6  7  8  9 10 |
---------------+-------------------------------+-----
Conjurations   | 2 3 4 5 6 7 |  7.4
Spellcasting   | 3 4 5 6 |  6.7
Fire Magic     | 4 5 6 7 |  7.1
Maces & Flails | 2 3 4 |  4.6
Armour         | 2 4 5 |  5.0
Fighting       | 2 4 5 |  5.2
Dodging        | 2 3 4 |  4.2
Stealth        | |  2.1

Action                   |  1- 3 |  4- 6 |  7- 9 | 10-12 || total
-------------------------+-------+-------+-------+-------++-------
Melee: Hand axe          |    22 |     2 |     1 |       ||    25
       Mace              |       |       |     5 |       ||     5
 Cast: Foxfire           |    45 |    53 |   230 |    41 ||   369
       Scorch            |     7 |     5 |    46 |    11 ||    69
       Flame Wave        |       |       |     2 |     4 ||     6
 Abil: Evoke Blink       |       |       |     1 |       ||     1
  Use: Scroll            |       |       |     7 |     2 ||     9
       Potion            |       |       |     5 |     1 ||     6
Armor: Robe              |    28 |    15 |   114 |    21 ||   178
Dodge: Dodged            |    38 |    30 |   207 |    39 ||   314
